 Dungeon Crawl Stone Soup version 0.31-a0-986-g5e6e4ef867 (webtiles) character file.

Game seed: 6773827573597676534

6891 zenocrate the Thaumaturge (level 10, -15/46 (53) HPs)
             Began as a Deep Elf Ice Elementalist on Nov 8, 2023.
             Was a Follower of Vehumet.
             Killed from afar by a steam dragon (22 damage)
             ... with a ball of steam
             ... on level 9 of the Dungeon.
             The game lasted 00:15:23 (10445 turns).

zenocrate the Thaumaturge (DEIE)                   Turns: 10445, Time: 00:15:24

HP:   -15/46 (53)   AC:  5    Str:  5    XL:     10   Next: 79%
MP:   25/29         EV: 17    Int: 25    God:    Vehumet [*.....]
Gold: 552           SH:  0    Dex: 10    Spells: 14/35 levels left

rFire   . . .        b - +3 demon blade (flame)
rCold   + . .        (no shield)
rNeg    . . .        l - +2 robe "Hakkiogh" {rC+ Dex-5 Archmagi}
rPois   +            (no helmet)
rElec   .            (no cloak)
rCorr   .            z - +0 pair of gloves
SInv    .            (no boots)
Will    +....        v - amulet of regeneration
Stlth   ++           p - +5 ring of evasion
HPRegen 1.07/turn    D - ring of poison resistance
MPRegen 0.21/turn

%: archmagi
@: heavily drained
A: no striking features
a: Renounce Religion


You were on level 9 of the Dungeon.
You worshipped Vehumet.
Vehumet was aware of your devotion.
You visited 2 branches of the dungeon, and saw 10 of its levels.
You also visited: Bailey.

You collected 552 gold pieces.

Inventory:

Hand Weapons
 b - a +3 demon blade of flaming (weapon)
Armour
 j - a +0 robe
 l - the +2 robe "Hakkiogh" (worn) {rC+ Dex-5 Archmagi}
   (You found it in a bailey)

   Dex-5:     It affects your dexterity (-5).
   rC+:       It protects you from cold.
   Archmagi:  It increases the power of your magical spells.
 s - a +0 kite shield
 z - a +0 pair of gloves (worn)
 C - a +2 leather armour of willpower
Magical Staves
 a - a staff of death
Jewellery
 h - a ring of flight
 p - a +5 ring of evasion (left hand)
 r - a ring of ice
 v - an amulet of regeneration (around neck)
 D - a ring of poison resistance (right hand)
Wands
 n - a wand of flame (15)
 y - a wand of iceblast (18)
 A - a wand of polymorph (10)
Scrolls
 c - 4 scrolls of vulnerability
 e - 2 scrolls of amnesia
 f - a scroll of poison {unknown}
 o - 5 scrolls of teleportation
 t - 4 scrolls of enchant armour
 u - a scroll of blinking {unknown}
Potions
 d - a potion of brilliance
 g - 2 potions of cancellation
 i - 2 potions of might
 k - 3 potions of magic
 m - a potion of curing
 q - a potion of mutation
 w - a potion of haste
 x - 2 potions of heal wounds
 B - a potion of attraction


   Skills:
 - Level 1.8 Fighting
 + Level 6.9 Long Blades
 - Level 1.1 Armour
 - Level 2.4 Dodging
 - Level 2.4 Stealth
 + Level 13.4 Spellcasting
 - Level 1.3 Conjurations
 + Level 3.5 Summonings
 + Level 10.6 Ice Magic
 - Level 1.2 Air Magic
 - Level 3.2 Earth Magic


You had 14 spell levels left.
You knew the following spells:

 Your Spells              Type           Power      Damage    Failure   Level
a - Sandblast             Erth           98%        2d20      1%          1
b - Frozen Ramparts       Ice            100%       1d16      1%          3
c - Ozocubu's Armour      Ice            81%        N/A       1%          3
d - Summon Ice Beast      Ice/Summ       68%        N/A       1%          4
e - Freezing Cloud        Conj/Ice/Air   27%        6-21      16%         5
f - Dispel Undead         Necr           25%        3d12      34%         4
g - Freeze                Ice            100%       1d10      1%          1

Your spell library contained the following spells:

 Spells                   Type           Power      Damage    Failure   Level
 Kiss of Death            Conj/Necr      100%       2d13      2%          1
 Cigotuvi's Dreadful Rot  Necr/Pois/Air  56%        N/A       4%          2
 Confusing Touch          Hex            25%        N/A       11%         3
 Ignite Poison            Fire/Tmut/Pois 25%        N/A       11%         3


Dungeon Overview and Level Annotations

Branches:
Dungeon (9/15)             Temple (1/1) D:7            Lair (0/5) D:9
 Bailey (visited)
    Orc: D:9-12

Altars:
Dithmenos
Fedhas
Gozag
Hepliaklqana
Kikubaaqudgha
Makhleb
Nemelex Xobeh
Okawaru
Ru
Sif Muna
Trog
Vehumet
Wu Jian
Xom
Yredelemnul
Zin
The Shining One

Shops:
D:1 [

Annotations:
D:9 Harold, Jeremiah


Message History

Casting: Frozen Ramparts (safe; 1% risk of failure)
Confirm with . or Enter, or press ? or * to list all spells.
You feel a surge of power! A film of ice covers your body! Jeremiah misses you.
Unknown command.
Unknown command.
Aiming: Iceblast
Press: ? - help, Shift-Dir - straight line, f - butterfly
Aim: a butterfly (summoned)
The mass of ice explodes!
The iceblast engulfs the butterfly!
You kill the butterfly!
The butterfly disappears in a burst of colours!
The iceblast engulfs Jeremiah!
Jeremiah is moderately wounded.
The iceblast engulfs the butterfly!
You kill the butterfly!
The butterfly disappears in a burst of colours!
Jeremiah shouts, "O dreadful one, destroy my foe!"
Something smites you!
* * * LOW HITPOINT WARNING * * *
Unknown command.
Unknown command.
Okay, then.
Aiming: Iceblast
Press: ? - help, Shift-Dir - straight line The mass of ice explodes!
The iceblast engulfs Jeremiah!
Jeremiah is severely wounded.
The iceblast engulfs the butterfly!
You kill the butterfly!
The butterfly disappears in a burst of colours!
Your surroundings suddenly seem different.
Your icy armour cracks and falls away as you move.
A steam dragon comes into view.
Unknown command.
Unknown command.
The helpless steam dragon fails to defend itself.
You slash the steam dragon! You burn the steam dragon.
The steam dragon is heavily wounded.
The steam dragon breathes steam at you. The ball of steam hits you!!
You die...

.....# .....#
.....# .
.....# ...
.....#
#..#####.....#
#............#
#......@D....#
##############


You could see a steam dragon (catching breath).

Vanquished Creatures
  A deep elf pyromancer (Bailey)
  Sigmund (D:3)
  4 yaks (D:9)
  A steam dragon (D:8)
  A wyvern (D:8)
  Menkaure (D:6)
  A water moccasin (D:8)
  A sky beast (D:7)
  8 orc warriors
  8 black bears
  An ice beast (D:6)
  An ogre (D:5)
  3 centaurs
  2 phantoms
  2 kobold brigands
  A bullfrog (D:7)
  5 scorpions
  9 wights
  5 killer bees (D:9)
  A crimson imp (D:6)
  2 jellies
  A gnoll bouda (D:5)
  2 hounds
  8 orc priests
  A sleepcap (D:6)
  Jessica (D:3)
  4 iguanas
  12 orc wizards
  11 gnolls (D:5)
  3 adders
  A shadow imp (D:7)
  3 white imps
  4 ufetubi (D:5)
  2 worms
  3 dart slugs
  33 orcs
  8 endoplasms
  4 giant cockroaches
  10 goblins
  8 hobgoblins
  2 jackals (D:1)
  2 quokkas
  12 ball pythons
  2 bats
  4 frilled lizards
  8 kobolds
  8 rats
216 creatures vanquished.

Vanquished Creatures (collateral kills)
  An orc knight (Bailey)
  2 orc warriors (Bailey)
  2 wights (D:8)
  An orc priest (D:7)
  An orc (D:6)
7 creatures vanquished.

Grand Total: 223 creatures vanquished

Notes
Turn   | Place    | Note
-------+----------+-------------------------------------------
     0 | D:1      | zenocrate the Deep Elf Ice Elementalist began the quest for
                  | the Orb.
     0 | D:1      | Reached XP level 1. HP: 10/10 MP: 6/6
   117 | D:1      | Found Qettar's Armour Shop.
   275 | D:1      | Reached XP level 2. HP: 7/15 MP: 3/8
   982 | D:2      | Reached XP level 3. HP: 19/20 MP: 3/10
   986 | D:2      | Learned a level 3 spell: Frozen Ramparts
   990 | D:2      | Learned a level 3 spell: Ozocubu's Armour
  1434 | D:2      | Reached skill level 1 in Fighting
  1434 | D:2      | Reached skill level 4 in Spellcasting
  1718 | D:2      | Reached skill level 5 in Ice Magic
  1934 | D:3      | Reached XP level 4. HP: 22/25 MP: 8/12
  1944 | D:3      | Learned a level 4 spell: Summon Ice Beast
  2051 | D:3      | Found a sparkling altar of Nemelex Xobeh.
  2149 | D:3      | Found a faded altar of an unknown god.
  2149 | D:3      | Noticed Sigmund
  2167 | D:3      | Killed Sigmund
  2168 | D:3      | Reached skill level 6 in Spellcasting
  2168 | D:3      | Reached XP level 5. HP: 12/29 MP: 9/16
  2304 | D:3      | Learned a level 5 spell: Freezing Cloud
  2368 | D:3      | Reached XP level 6. HP: 34/34 MP: 12/17
  2683 | D:3      | Noticed Jessica
  2692 | D:3      | Killed Jessica
  3032 | D:4      | Reached skill level 7 in Spellcasting
  3210 | D:4      | Reached skill level 1 in Long Blades
  3210 | D:4      | Reached XP level 7. HP: 12/39 MP: 12/19
  4066 | D:4      | Reached skill level 8 in Spellcasting
  4206 | D:5      | Entered Level 5 of the Dungeon
  4334 | D:5      | Reached XP level 8. HP: 23/44 MP: 7/22
  4732 | D:5      | Reached skill level 1 in Armour
  4732 | D:5      | Reached skill level 9 in Spellcasting
  5309 | D:5      | Learned a level 4 spell: Dispel Undead
  5503 | D:6      | HP: 2/44 [orc warrior/arrow (15)]
  5509 | D:6      | Reached skill level 10 in Spellcasting
  5514 | D:6      | Reached skill level 1 in Summonings
  5680 | D:6      | Noticed Menkaure
  5686 | D:6      | Killed Menkaure
  5782 | D:6      | Reached XP level 9. HP: 33/48 MP: 23/25
  6396 | D:6      | Reached skill level 11 in Spellcasting
  7114 | D:6      | Found a glowing golden altar of the Shining One.
  7373 | D:7      | Identified the of Gootz
  7373 | D:7      | Identified the of Geniywalluc
  7391 | D:7      | Found a shimmering altar of Xom.
  7949 | D:7      | Found an ancient bone altar of Kikubaaqudgha.
  7976 | D:7      | Found a shimmering blue altar of Sif Muna.
  8003 | D:7      | Found a radiant altar of Vehumet.
  8010 | D:7      | Became a worshipper of Vehumet
  8082 | D:7      | Found a staircase to the Ecumenical Temple.
  8250 | Temple   | Entered the Ecumenical Temple
  8449 | D:8      | Found a flagged portal.
  8454 | D:8      | Reached skill level 5 in Long Blades
  8458 | Bailey   | Entered a bailey
  8565 | Bailey   | Reached skill level 12 in Spellcasting
  8571 | Bailey   | Noticed an orc knight
  8577 | Bailey   | Reached skill level 10 in Ice Magic
  8577 | Bailey   | Reached XP level 10. HP: 36/53 MP: 15/28
  8752 | Bailey   | Found a large runed translucent door.
  8752 | Bailey   | Found a large runed translucent door.
  8753 | Bailey   | Noticed a deep elf pyromancer
  8817 | Bailey   | Killed an orc knight
  8900 | Bailey   | Killed a deep elf pyromancer
  8950 | Bailey   | Identified the +2 robe "Hakkiogh" {rC+ Dex-5 Archmagi}
  9247 | D:8      | Reached skill level 1 in Conjurations
  9304 | D:8      | Reached skill level 1 in Air Magic
  9319 | D:8      | Reached * piety under Vehumet
  9319 | D:8      | Offered knowledge of Sandblast by Vehumet.
  9322 | D:8      | Learned a level 1 spell: Sandblast
  9898 | D:8      | Reached skill level 1 in Earth Magic
  9964 | D:9      | Reached skill level 13 in Spellcasting
 10055 | D:9      | Found a staircase to the Lair.
 10073 | D:9      | Noticed Harold
 10216 | D:9      | Found an opulent altar of Gozag.
 10428 | D:9      | Noticed Jeremiah
 10445 | D:9      | Killed from afar by a steam dragon

Illustrated notes

Levels and vault maps discovered:
D:1:      wheals_arrival_shading, layout_loops_ring, serial_shops,
          nicolae_shop_statue_plus
D:2:      layout_basic
D:3:      layout_basic, nicolae_overflow_hidden_temple,
          ebering_ecumenical_altar_sacrificial, minmay_shallow_snake_nest,
          uniq_jessica, uniq_sigmund
D:4:      layout_basic
D:5:      layout_loops_ring, amethyst_killhole
D:6:      layout_layer_cave, tso_altar, minmay_fire_ice_demons, uniq_menkaure
D:7:      layout_rooms, palyth_temple_overflow_mages,
          mainiacjoe_overflow_alcove_4, minmay_temple_entry_fiery,
          nrook_pool_corridor, item_on_display_a
D:8:      layout_basic, enter_bailey_3
D:9:      layout_irregular_city, mainiacjoe_overflow_brackets,
          mainiacjoe_overflow_concentric_impassable, lair_entry_dummy,
          doesnt_shop_hydraphobe, uniq_maggie, uniq_harold, uniq_jeremiah
Temple:   zaba_magenta_temple

Skill      XL: |  1  2  3  4  5  6  7  8  9 10 |
---------------+-------------------------------+-----
Fighting       | 1 |  1.8
Spellcasting   | 4 6 7 8 10 12 13 | 13.4
Ice Magic      | 5 6 7 8 10 | 10.6
Long Blades    | 1 3 5 6 |  6.9
Armour         | 1 |  1.1
Summonings     | 2 3 |  3.5
Conjurations   | 1 |  1.3
Air Magic      | 1 |  1.2
Earth Magic    | 3 |  3.2
Dodging        | |  2.4
Stealth        | |  2.4

Action                     |  1- 3 |  4- 6 |  7- 9 | 10-12 || total
---------------------------+-------+-------+-------+-------++-------
  Melee: Unarmed           |    14 |       |       |       ||    14
         Dagger            |     2 |       |       |       ||     2
         Demon blade       |     6 |    24 |   166 |    43 ||   239
         Punch             |       |       |     1 |       ||     1
   Cast: Freeze            |    51 |    22 |    44 |       ||   117
         Frozen Ramparts   |       |     5 |    34 |    26 ||    65
         Ozocubu's Armour  |       |     2 |    22 |    12 ||    36
         Summon Ice Beast  |       |       |     6 |     9 ||    15
         Sandblast         |       |       |       |     9 ||     9
  Evoke: Wand              |       |       |     6 |     3 ||     9
    Use: Scroll            |     6 |     2 |     9 |     2 ||    19
         Potion            |     1 |     1 |     2 |     1 ||     5
   Stab: Sleeping          |     3 |     4 |     4 |     1 ||    12
         Distracted        |       |       |     1 |       ||     1
 Armour: Robe              |    30 |    21 |   131 |    81 ||   263
  Dodge: Dodged            |    35 |    45 |   213 |    97 ||   390

Table legend: (Time is in decaauts)
 A = Elapsed time spent in this place.
 B = Non-inter-level travel time spent in this place.
 C = Inter-level travel time spent in this place.
 D = Time resting spent in this place.
 E = Time spent auto-exploring this place.
 F = Levels seen in this place.
 G = Mean time per level.
                   A        B        C        D        E       F      G
               +--------+--------+--------+--------+--------+-----+--------+
         Total |  10480 |  10035 |    445 |     55 |   8241 |  11 |  952.7 |
       Dungeon |   9899 |   9454 |    445 |     55 |   7855 |   9 | 1099.9 |
        Temple |      1 |      1 |      0 |      0 |      0 |   1 |    1.0 |
        Bailey |    579 |    579 |      0 |      0 |    386 |   1 |  579.0 |
               +--------+--------+--------+--------+--------+-----+--------+

Top non-repeatable levels by time:
     D:6: 2070 daAuts
     D:4: 1273 daAuts
     D:5: 1106 daAuts
     D:8: 1069 daAuts
     D:3: 1035 daAuts
     D:2: 1011 daAuts
     D:7: 938 daAuts
     D:1: 903 daAuts
  Bailey: 579 daAuts
     D:9: 489 daAuts
  Temple: 1 daAuts
